 Dungeon Crawl Stone Soup version 0.18.1-6-gd335043 (webtiles) character file.

135 Gargoyl the Skirmisher (level 4, 0/55 HPs)
             Began as a Demonspawn Abyssal Knight on May 17, 2016.
             Was a Believer of Lugonu.
             Killed from afar by Sigmund (7 damage)
             ... with a magic dart
             ... on level 3 of the Dungeon.
             The game lasted 00:03:28 (1599 turns).

Gargoyl the Skirmisher (Demonspawn Abyssal Knight)  Turns: 1599, Time: 00:03:30

Health: 0/55       AC: 22    Str: 13    XL:     4   Next: 97%
Magic:  6/6        EV:  4    Int: 14    God:    Lugonu [**....]
Gold:   180        SH:  0    Dex: 12    Spells: 0 memorised, 3 levels left

rFire  . . .     SeeInvis .     f - +2 hand axe (flame)
rCold  . . .     Gourm    .     (armour currently unavailable)
rNeg   + + +     Faith    .     (no shield)
rPois  +         Spirit   .     (helmet currently unavailable)
rElec  .         Dismiss  .     (cloak currently unavailable)
rCorr  .         Reflect  .     (gloves currently unavailable)
SustAt .         Harm     .     (boots currently unavailable)
MR     .....     NoTele   +     (no amulet)
Stlth  +.........               (no ring)
                                (no ring)

@: tree-form, drained, not resistant to hostile enchantments, very unstealthy
A: repulsion field 1, (spiny 0)
a: Depart the Abyss, Bend Space, Renounce Religion


You were on level 3 of the Dungeon.
You worshipped Lugonu.
Lugonu was pleased with you.
You were hungry.
You were a tree.
You visited 1 branch of the dungeon, and saw 3 of its levels.
You visited the Abyss 1 time.

You collected 180 gold pieces.

Inventory:

Hand Weapons
 f - a +2 hand axe of flaming (weapon)
 l - a +0 glaive
Armour
 d - a +0 chain mail (melded)
Jewellery
 o - an uncursed ring of poison resistance {unknown}
Wands
 q - a wand of digging (11/24)
Scrolls
 a - a scroll of magic mapping {unknown}
 e - a scroll of identify {unknown}
 h - a scroll of blinking {unknown}
 i - a scroll of teleportation {unknown}
 k - 2 scrolls of enchant armour {unknown}
 m - a scroll of random uselessness {unknown}
 n - a scroll of remove curse {unknown}
Potions
 b - a potion of cancellation {unknown}
 g - 3 potions of degeneration {unknown}
 j - 3 potions of lignification
Comestibles
 c - 2 bread rations
 p - a chunk of flesh


   Skills:
 + Level 4.2(3.3) Fighting
 + Level 2.3(1.4) Axes
 * Level 3.1(2.2) Armour
 + Level 1.3(0.4) Dodging
 + Level 2.7(1.8) Invocations


You had 3 spell levels left.
You didn't know any spells.

Dungeon Overview and Level Annotations

Branches:
Dungeon (3/15)

Altars:

Annotations:
D:3 Sigmund


Innate Abilities, Weirdness & Mutations

You are surrounded by a mild repulsion field (EV +2).
((You are partially covered in sharp spines.))


Message History

The orc wizard hits you but does no damage.
You feel drained.
Unknown command.
You closely miss Sigmund.
Sigmund is severely wounded.
You hit the orc wizard but do no damage.
The orc wizard is moderately wounded.
Sigmund hits you with a scythe!
* * * LOW HITPOINT WARNING * * *
The orc wizard is struck by your spines.
The orc wizard hits you but does no damage.
You feel drained.
Drink which item? (? for menu, Esc to quit)
It was a potion of lignification.
You turn into a tree.
Your +0 chain mail melds into your body.
Your roots penetrate the ground.
The orc wizard hits you but does no damage.
Sigmund points at you and mumbles some strange words.
The magic dart hits you!
You die...

#.....# ###.###
#.##...########
#.....))).....#
####...######o#
##.#######.#
.........#.#
###.# ###)#.#
#.# #♣oo%.# ..#
#@#.#.# ###
#S#.....
#.###.#.# #..
..#.# ... ..# #
### ###


You could see Sigmund, an orc wizard, an orc and a ball python.

Vanquished Creatures
  Terence (D:2)
  Ijyb (D:2)
  An ooze (D:1)
  4 worms (D:2)
  4 dart slugs
  A giant gecko (D:1)
  5 orcs (D:3)
  A ball python (D:2)
  A giant cockroach (D:1)
  9 goblins
  4 hobgoblins
  3 jackals (D:2)
  3 kobolds
  A quokka (D:2)
  5 bats
  4 giant newts
  7 rats
55 creatures vanquished.

Notes
Turn   | Place    | Note
--------------------------------------------------------------
     0 | Abyss:1  | Gargoyl the Demonspawn Abyssal Knight began the quest for the Orb.
     0 | Abyss:1  | Reached XP level 1. HP: 18/18 MP: 2/2
    70 | Abyss:2  | Noticed a jelly
   109 | Abyss:2  | Noticed a hellwing
   111 | Abyss:2  | Noticed a quasit
   111 | Abyss:2  | Noticed an efreet
   111 | Abyss:2  | Noticed an eye of devastation
   113 | D:1      | Escaped the Abyss
   486 | D:1      | Reached * piety under Lugonu
   486 | D:1      | Gained mutation: You are partially covered in sharp spines. [demonic ancestry]
   486 | D:1      | Reached XP level 2. HP: 24/24 MP: 3/3
   568 | D:1      | Reached skill level 1 in Dodging
   914 | D:2      | Gained mutation: You are surrounded by a mild repulsion field (EV +2). [demonic ancestry]
   914 | D:2      | Reached XP level 3. HP: 28/29 MP: 4/4
  1148 | D:2      | Reached ** piety under Lugonu
  1166 | D:2      | Noticed Terence
  1175 | D:2      | Killed Terence
  1175 | D:2      | Reached XP level 4. HP: 29/37 MP: 5/5
  1197 | D:2      | Reached skill level 4 in Fighting
  1444 | D:2      | Noticed Ijyb
  1456 | D:2      | Killed Ijyb
  1582 | D:3      | Noticed Sigmund
  1599 | D:3      | Killed from afar by Sigmund

Skill      XL: |  1  2  3  4 |
---------------+-------------+-----
Armour         | 2 3 |  3.1
Dodging        | 1 |  1.3
Axes           | 2 |  2.3
Fighting       | 4 |  4.2
Invocations    | |  2.7

Action                   |  1- 3 |  4- 6 || total
-------------------------+-------+-------++-------
Melee: Hand axe          |    63 |    43 ||   106
Invok: Depart the Abyss  |     1 |       ||     1
  Use: Potion            |       |     1 ||     1
  Eat: Chunk             |       |     2 ||     2
Armor: Chain mail        |    30 |    16 ||    46
       Skin              |       |     1 ||     1
Dodge: Dodged            |    20 |    14 ||    34
